Map: Romanticide LE

Players

Nice - Winner!

  • Race: Protoss Protoss

Has

  • Race: Protoss Protoss

VOD

Have the link to the VOD?

Description

Time

  • Played on: Oct. 3, 2021, 8:42 a.m.
  • Length: 22:16
Show
View Real Time Build Order
Export as new Build Order

Nice Protoss - Winner!

Build Orders:  

Get SALT Encoding   

  12  0:00  Probe  
  13  0:12  Probe  
  14  0:17  Pylon  
  14  0:24  Probe (Chrono Boost)  
  15  0:37  Probe (Chrono Boost)  
  15  0:38  Gateway  
  16  0:43  Probe (Chrono Boost)  
  16  0:46  Assimilator  
  17  0:51  Probe  
  17  0:56  Assimilator  
  18  1:04  Probe (Chrono Boost)  
  19  1:09  Gateway  
  19  1:13  Probe (Chrono Boost)  
  19  1:18  Probe (Chrono Boost)  
  21  1:25  Cybernetics Core  
  21  1:30  Probe  
  22  1:38  Pylon  
  22  1:42  Probe  
  23  1:56  Probe  
  24  2:01  Stalker  
  24  2:02  Sentry  
  24  2:05  Warp Gate (Chrono Boost)  
  24  2:07  Pylon  
  28  2:11  Probe  
  29  2:18  Pylon  
  29  2:26  Shield Battery  
  33  2:50  Sentry  
  33  2:51  Sentry, Nexus  
  33  2:52  Probe  
  34  2:58  Shield Battery  
  34  3:04  Probe  
  35  3:16  Probe  
  36  3:28  Probe (Chrono Boost)  
  36  3:29  Shield Battery  
  37  3:38  Probe (Chrono Boost)  
  37  3:39  Pylon  
  38  3:43  Probe (Chrono Boost)  
  38  3:44  Twilight Council  
  39  3:57  Adept x2, Probe  
  44  4:03  Probe (Chrono Boost)  
  45  4:15  Probe (Chrono Boost)  
  45  4:16  Probe (Chrono Boost)  
  47  4:21  Stalker x2  
  47  4:22  Probe (Chrono Boost)  
  50  4:24  Probe (Chrono Boost)  
  50  4:30  Probe  
  48  4:35  Probe  
  48  4:42  Probe  
  46  4:47  Probe  
  46  4:50  Stalker  
  46  4:51  Stalker  
  46  4:52  Blink (Chrono Boost)  
  47  4:54  Probe  
  47  4:59  Probe  
  47  5:06  Probe  
  48  5:11  Probe  
  49  5:14  Sentry  
  49  5:15  Stalker  
  49  5:18  Probe  
  52  5:30  Probe x2  
  54  5:42  Nexus, Probe x2  
  56  5:44  Pylon  
  56  5:48  Stalker  
  56  5:49  Stalker  
  60  5:54  Probe x2  
  62  5:58  Gateway  
  62  6:06  Probe  
  62  6:07  Forge  
  62  6:08  Probe  
  62  6:10  Assimilator  
  64  6:14  Stalker  
  66  6:19  Stalker  
  66  6:20  Probe  
  69  6:27  Probe  
  69  6:31  Shield Battery  
  70  6:33  Pylon, Protoss Ground Weapons Level 1 (Chrono Boost)  
  70  6:41  Photon Cannon  
  70  6:45  Pylon  
  70  6:46  Photon Cannon  
  70  6:51  Probe x2  
  72  6:55  Photon Cannon  
  72  6:56  Probe (Chrono Boost)  
  73  7:03  Probe (Chrono Boost)  
  73  7:05  Phoenix  
  76  7:08  Probe (Chrono Boost)  
  76  7:12  Probe (Chrono Boost)  
  76  7:13  Probe (Chrono Boost)  
  76  7:14  Gateway x2  
  78  7:20  Probe (Chrono Boost)  
  78  7:21  Probe (Chrono Boost)  
  80  7:23  Probe (Chrono Boost)  
  80  7:24  Robotics Facility  
  80  7:27  Probe (Chrono Boost)  
  80  7:29  Probe (Chrono Boost)  
  83  7:30  Probe (Chrono Boost)  
  83  7:33  Probe  
  83  7:34  Assimilator  
  84  7:37  Assimilator  
  84  7:38  Assimilator  
  84  7:39  Probe  
  84  7:41  Robotics Facility, Probe  
  84  7:43  Pylon  
  86  7:45  Probe  
  87  7:51  Probe  
  87  7:52  Stalker x2  
  92  8:03  Stalker  
  91  8:10  Stalker x2  
  91  8:12  Probe x3  
  98  8:14  Observer (Chrono Boost)  
  98  8:17  Stalker x2  
  103  8:23  Robotics Bay  
  102  8:28  Stalker  
  102  8:33  Immortal (Chrono Boost)  
  108  8:42  Pylon  
  108  8:44  Pylon  
  108  8:46  Pylon  
  106  8:48  Protoss Ground Weapons Level 2 (Chrono Boost)  
  106  8:50  Assimilator, Pylon  
  106  8:54  Stalker  
  108  8:58  Immortal (Chrono Boost)  
  112  9:07  Stalker x3  
  112  9:08  Stalker  
  120  9:15  Shield Battery  
  120  9:16  Shield Battery, Disruptor (Chrono Boost)  
  123  9:19  Stalker  
  122  9:32  Stalker x3  
  121  9:39  Stalker  
  121  9:45  Disruptor (Chrono Boost)  
  112  10:04  Stalker  
  112  10:05  Stalker x4  
  114  10:30  Stalker x3  
  114  10:34  Disruptor  
  121  10:52  Nexus  
  121  10:56  Pylon  
  117  10:57  Observer  
  117  11:08  Pylon  
  117  11:09  Pylon  
  117  11:10  Assimilator  
  117  11:11  Pylon  
  117  11:12  Disruptor x2 (Chrono Boost)  
  117  11:13  Protoss Ground Weapons Level 3 (Chrono Boost)  
  117  11:15  Photon Cannon, Stalker  
  125  11:25  Probe  
  126  11:26  Probe  
  126  11:27  Stalker x3  
  126  11:29  Stalker  
  125  11:37  Probe  
  125  11:39  Stalker  
  124  11:43  Disruptor (Chrono Boost)  
  129  11:50  Stalker  
  129  11:53  Stalker  
  133  11:56  Warp Prism (Chrono Boost)  
  133  11:58  Stalker  
  135  12:03  Probe x2  
  137  12:11  Pylon  
  137  12:13  Stalker x3  
  143  12:18  Pylon  
  143  12:30  Nexus  
  143  12:33  Shield Battery  
  143  12:34  Disruptor x2 (Chrono Boost)  
  143  12:42  Probe x3  
  152  12:47  Stalker  
  153  12:54  Probe x2  
  155  13:03  Observer x2  
  157  13:07  Pylon, Stalker x2  
  157  13:08  Stalker x2  
  165  13:15  Pylon, Shield Battery  
  165  13:18  Dark Shrine  
  165  13:24  Disruptor  
  168  13:35  Stalker x2  
  168  13:36  Stalker x2  
  168  13:38  Stalker  
  178  13:59  Stalker x4  
  184  14:03  Stalker  
  163  14:23  Stalker x4  
  163  14:25  Probe x4  
  157  14:48  Stalker x2  
  157  14:49  Stalker x3  
  126  15:10  Probe x4  
  126  15:12  Gateway  
  126  15:13  Gateway  
  130  15:14  Stalker x4  
  130  15:15  Robotics Bay, Stalker  
  130  15:16  Gateway  
  130  15:20  Observer  
  116  15:38  Assimilator  
  116  15:39  Stalker x4  
  116  15:40  Assimilator, Stalker  
  126  15:53  Observer  
  126  15:54  Protoss Ground Armor Level 1 (Chrono Boost)  
  109  16:02  Shadow Stride (Chrono Boost)  
  103  16:04  Stalker x5  
  113  16:14  Disruptor x2 (Chrono Boost)  
  111  16:22  Stalker x2  
  111  16:23  Stalker  
  116  16:35  Nexus  
  116  16:36  Stalker x5  
  116  16:37  Pylon  
  125  16:43  Photon Cannon  
  125  16:45  Photon Cannon  
  122  16:51  Disruptor x2  
  120  17:11  Dark Templar x4  
  120  17:12  Dark Templar  
  129  17:28  Stalker x3  
  127  17:30  Disruptor  
  125  17:53  Stalker x4  
  125  17:54  Stalker x3  
  125  17:55  Photon Cannon  
  139  18:01  Stalker  
  139  18:08  Disruptor  
  128  18:29  Dark Templar x2  
  128  18:34  Pylon, Nexus, Stalker x3  
  134  18:36  Assimilator  
  134  18:37  Assimilator  
  134  18:39  Stalker x2  
  142  18:45  Zealot  
  144  18:59  Pylon  
  144  19:01  Pylon  
  144  19:06  Nexus  
  140  19:10  Stalker  
  140  19:11  Stalker x4  
  150  19:18  Dark Templar  
  150  19:19  Disruptor (Chrono Boost)  
  150  19:22  Shield Battery, Photon Cannon  
  155  19:25  Observer (Chrono Boost)  
  155  19:30  Gravitic Boosters (Chrono Boost)  
  156  19:40  Disruptor (Chrono Boost)  
  157  19:54  Dark Templar x2  
  157  19:55  Zealot x4  
  169  20:18  Dark Templar x2  
  169  20:19  Zealot x4  
  161  20:30  Photon Cannon  
  161  20:32  Photon Cannon  
  161  20:35  Pylon  
  161  20:36  Shield Battery, Disruptor  
  150  21:02  Stalker x7  
  153  21:06  Disruptor (Chrono Boost)  
  151  21:35  Stalker x4  
  151  21:36  Stalker x2  
  157  21:47  Zealot x2  
Show
View Real Time Build Order
Export as new Build Order

Has Protoss 

Build Orders: Oracle Opening 

Get SALT Encoding   

  12  0:00  Probe  
  13  0:12  Probe  
  14  0:17  Pylon  
  14  0:24  Probe (Chrono Boost)  
  16  0:36  Probe (Chrono Boost)  
  16  0:37  Gateway  
  16  0:41  Probe (Chrono Boost)  
  16  0:47  Assimilator  
  17  0:52  Probe (Chrono Boost)  
  17  0:56  Assimilator  
  19  1:04  Probe (Chrono Boost)  
  19  1:08  Gateway  
  19  1:13  Probe (Chrono Boost)  
  20  1:18  Probe  
  20  1:24  Cybernetics Core  
  21  1:32  Pylon  
  21  1:38  Pylon  
  21  1:42  Probe  
  22  1:55  Probe  
  22  2:01  Sentry, Stalker  
  27  2:04  Warp Gate (Chrono Boost)  
  27  2:07  Probe  
  28  2:12  Pylon  
  28  2:19  Probe  
  29  2:42  Probe  
  29  2:46  Stargate  
  29  2:54  Probe  
  30  3:00  Nexus  
  30  3:11  Shield Battery, Probe  
  31  3:23  Probe  
  32  3:28  Oracle (Chrono Boost)  
  35  3:35  Probe  
  36  3:45  Adept  
  36  3:46  Adept  
  36  3:47  Probe  
  41  3:58  Oracle  
  41  3:59  Probe  
  45  4:06  Adept  
  47  4:12  Adept, Pylon  
  47  4:14  Probe (Chrono Boost)  
  51  4:18  Probe (Chrono Boost)  
  52  4:24  Probe (Chrono Boost)  
  52  4:28  Probe (Chrono Boost)  
  52  4:29  Probe (Chrono Boost)  
  52  4:34  Adept x2  
  52  4:37  Probe  
  55  4:40  Probe  
  52  4:49  Probe  
  52  4:52  Probe  
  46  5:00  Twilight Council  
  46  5:01  Probe  
  46  5:05  Robotics Facility  
  48  5:07  Shield Battery  
  48  5:09  Gateway  
  48  5:16  Stalker x2  
  48  5:19  Probe  
  52  5:22  Pylon  
  52  5:31  Probe x2  
  52  5:33  Assimilator, Blink (Chrono Boost)  
  54  5:36  Gateway  
  54  5:45  Pylon  
  54  5:55  Nexus  
  54  6:00  Immortal (Chrono Boost)  
  58  6:13  Stalker x2  
  58  6:17  Stalker  
  64  6:20  Probe x2  
  64  6:22  Pylon  
  66  6:30  Observer (Chrono Boost), Gateway  
  67  6:33  Probe  
  67  6:37  Stalker  
  71  6:41  Gateway  
  71  6:43  Forge  
  71  6:49  Warp Prism  
  72  6:57  Probe x2  
  74  7:04  Stalker x3  
  74  7:08  Stalker  
  83  7:15  Probe x2  
  83  7:17  Photon Cannon  
  84  7:29  Stalker x3  
  90  7:33  Stalker x2  
  90  7:35  Protoss Ground Weapons Level 1 (Chrono Boost)  
  94  7:42  Probe  
  94  7:43  Pylon  
  95  7:48  Gateway  
  95  7:54  Stalker  
  95  7:55  Stalker  
  95  7:56  Probe x2  
  101  8:01  Probe  
  102  8:10  Stalker  
  102  8:11  Stalker  
  106  8:14  Pylon  
  106  8:15  Pylon  
  106  8:17  Pylon  
  106  8:18  Assimilator  
  106  8:28  Stalker  
  106  8:29  Probe  
  106  8:31  Pylon  
  106  8:32  Probe x2  
  111  8:37  Stalker x3  
  111  8:40  Stalker  
  119  8:42  Zealot  
  121  8:48  Pylon  
  121  8:51  Stalker x2  
  125  9:00  Stalker  
  127  9:03  Stalker  
  127  9:04  Zealot x3  
  135  9:17  Stalker  
  135  9:18  Stalker  
  139  9:28  Stalker x3  
  137  9:37  Stalker x2  
  131  9:39  Probe x2  
  131  9:45  Zealot x2  
  135  9:54  Stalker x3  
  131  10:01  Stalker x2  
  131  10:02  Probe  
  134  10:12  Zealot x2  
  136  10:18  Pylon  
  136  10:19  Nexus  
  130  10:22  Stalker x3  
  130  10:25  Stalker x2  
  140  10:29  Probe  
  137  10:41  Stalker x2  
  126  10:46  Probe x2  
  124  10:53  Stalker x5  
  126  11:02  Protoss Ground Weapons Level 2 (Chrono Boost)  
  121  11:06  Stalker x2  
  121  11:07  Charge (Chrono Boost)  
  121  11:09  Gateway  
  121  11:11  Probe x2  
  127  11:12  Gateway  
  127  11:13  Shield Battery  
  127  11:14  Gateway, Photon Cannon  
  104  11:41  Zealot  
  104  11:42  Zealot x6  
  118  11:47  Observer (Chrono Boost)  
  118  11:53  Probe x2  
  122  11:54  Probe  
  122  12:02  Stalker x6  
  122  12:04  Zealot x2  
  138  12:09  Photon Cannon  
  138  12:13  Pylon  
  138  12:15  Nexus  
  138  12:19  Robotics Bay, Warp Prism (Chrono Boost)  
  140  12:33  Zealot x5  
  140  12:34  Zealot  
  152  12:46  Observer (Chrono Boost)  
  149  13:04  Zealot x9  
  149  13:05  Zealot  
  169  13:07  Probe x2  
  169  13:08  Photon Cannon  
  169  13:09  Probe  
  169  13:11  Shield Battery  
  172  13:14  Disruptor (Chrono Boost)  
  172  13:15  Robotics Facility x2  
  172  13:17  Protoss Ground Weapons Level 3 (Chrono Boost)  
  175  13:34  Probe  
  174  13:41  Zealot x8  
  174  13:43  Disruptor (Chrono Boost)  
  193  13:59  Zealot x2  
  193  14:01  Zealot x4  
  193  14:02  Zealot x4  
  195  14:03  Disruptor (Chrono Boost)  
  175  14:11  Disruptor (Chrono Boost)  
  128  14:24  Disruptor (Chrono Boost), Zealot x2  
  128  14:25  Zealot x6  
  128  14:30  Disruptor (Chrono Boost)  
  132  14:46  Zealot x4  
  132  14:47  Zealot x5  
  113  15:06  Stalker x3  
  113  15:07  Stalker x5  
  103  15:09  Zealot x2  
  112  15:27  Zealot x4  
  120  15:32  Disruptor (Chrono Boost)  
  120  15:34  Zealot x6  
  126  15:39  Probe x2  
  126  15:40  Probe x2  
  126  15:41  Probe  
  126  15:52  Probe  
  126  15:55  Stalker x2  
  126  15:56  Stalker x6  
  133  16:01  Pylon, Zealot  
  133  16:02  Zealot  
  131  16:13  Observer (Chrono Boost)  
  132  16:19  Zealot x6  
  132  16:20  Zealot x2  
  132  16:22  Zealot x2  
  152  16:43  Zealot x8  
  152  16:45  Protoss Ground Armor Level 1 (Chrono Boost)  
  168  16:47  Nexus  
  168  16:54  Photon Cannon  
  168  16:56  Photon Cannon  
  168  16:58  Pylon  
  141  17:28  Zealot x8  
  141  17:29  Zealot x2  
  128  17:54  Zealot x4  
  128  17:55  Stalker x5  
  128  17:58  Observer (Chrono Boost)  
  132  18:02  Probe x3  
  129  18:07  Nexus  
  129  18:10  Probe  
  129  18:12  Photon Cannon  
  108  18:16  Zealot x5  
  118  18:23  Pylon  
  118  18:25  Zealot x2  
  118  18:26  Zealot x3  
  128  18:31  Observer (Chrono Boost)  
  129  18:45  Zealot x5  
  137  19:03  Zealot x4  
  137  19:05  Disruptor (Chrono Boost)  
  140  19:18  Photon Cannon  
  140  19:20  Nexus  
  140  19:22  Stalker x4  
  148  19:41  Zealot  
  148  19:42  Zealot x5  
  160  19:49  Disruptor (Chrono Boost)  
  163  19:53  Pylon  
  163  19:58  Zealot x4  
  168  20:09  Zealot x5  
  167  20:16  Observer (Chrono Boost)  
  131  20:29  Zealot x4  
  131  20:32  Stalker x3  
  141  20:56  Zealot x3  
  141  20:57  Zealot x6  
  129  21:06  Probe  
  129  21:08  Probe  
  129  21:09  Photon Cannon  
  133  21:14  Zealot  
  133  21:18  Zealot x5  
  108  21:47  Zealot x8  
Tags
 
Add a new tag
Caveats
  • Supply blocks, unpowered buildings, or Contaminate may cause inaccurate times.
  • Supply counts are checked every 10 seconds.